 Dungeon Crawl Stone Soup version 0.31-a0-361-g0f8bd3a31e (webtiles) character file.

Game seed: 8519246540011131101

109 CrazyBamboolord the Changeling (level 4, -1/33 HPs)
             Began as a Merfolk Shapeshifter on July 27, 2023.
             Frozen to death by an endoplasm (3 damage)
             ... on level 3 of the Dungeon.
             The game lasted 00:03:06 (1620 turns).

CrazyBamboolord the Changeling (MfSh)               Turns: 1620, Time: 00:03:06

Health: -1/33      AC:  2    Str: 23    XL:     4   Next: 90%
Magic:  4/4        EV: 13    Int:  7    God:
Gold:   112        SH:  0    Dex: 14    Spells: 3/3 levels left

rFire   . .          .
                       - Unarmed
rCold   . . .        (no shield)
rNeg    . . .        a - +0 animal skin
rPois   .            (helmet currently unavailable)
rElec   .            (cloak currently unavailable)
rCorr   .            (gloves currently unavailable)
SInv    .            j - melded +0 pair of boots
Will    .....        (no amulet)
Stlth   +            f - +6 ring of strength
HPRegen 0.25/turn    (no ring)
MPRegen 0.09/turn

%: no passive effects
@: beast-form, invisible
A: beast (slay +3), (nimble swimmer 2), mertail
a: Begin Untransformation


You were on level 3 of the Dungeon.
You were a hulking beast.
You visited 1 branch of the dungeon, and saw 3 of its levels.

You collected 112 gold pieces.

Inventory:

Armour
 a - a +0 animal skin (worn)
 j - a +0 pair of boots (melded)
Jewellery
 f - a +6 ring of strength (left hand)
 l - a ring of resist corrosion
Talismans
 c - a beast talisman
Scrolls
 d - a scroll of teleportation {unknown}
 g - a scroll of acquirement {unknown}
 h - a scroll of immolation {unknown}
 k - a scroll of amnesia {unknown}
Potions
 b - a potion of lignification
 i - a potion of brilliance {unknown}
 m - a potion of degeneration {unknown}


   Skills:
 * Level 2.0 Fighting
 * Level 3.2 Dodging
 * Level 4.4 Unarmed Combat
 * Level 5.1 Shapeshifting


You had 3 spell levels left.
You didn't know any spells.
Your spell library contained the following spells:

 Spells                   Type           Power      Damage    Failure   Level
 Sublimation of Blood     Necr           0%         N/A       56%         2
 Petrify                  Tmut/Erth      0%         N/A       99%         4
 Irradiate                Conj/Tmut      0%         3d11      100%        5


Dungeon Overview and Level Annotations

Branches:
Dungeon (3/15)

Altars:

Shops:
D:2 :


Innate Abilities, Weirdness & Mutations

You are a hulking beast.
Your limbs bulge with bestial killing power. (Slay +3)
((You are very nimble when in or above water. (Stealth+, EV+, Speed+++)))
Your lower body shifts to a powerful aquatic tail in water.


Message History

You are too confused!
You are too confused!
A goblin comes into view. It is wielding a +0 club.
The goblin shouts!
The orc wizard hits you with a +0 dagger.
You hit the orc wizard.
The orc wizard is heavily wounded.
A goblin comes into view. It is wielding a +0 club.
The endoplasm freezes you.
You are frozen.
An orc comes into view.
It is wielding a +0 trident and wearing a +2 scale mail of cold resistance.
You punch the orc wizard!
You kill the orc wizard!
The orc hits you with a +0 flail. The endoplasm barely misses you.
Your Fighting skill increases to level 2!
Unknown command.
You hit the endoplasm.
You kill the endoplasm!
The orc hits you with a +0 flail.
* * * LOW HITPOINT WARNING * * *
Unknown command.
It was a potion of invisibility.
You fade into invisibility!
The orc misses you. The endoplasm hits you.
* * * LOW HITPOINT WARNING * * *
Unknown command.
You feel less confused.
You catch the helpless goblin completely off-guard!
You hit the goblin. Your punch misses the goblin.
The goblin is moderately wounded.
The orc misses you. The endoplasm barely misses you.
The goblin hits you but does no damage.
An adder comes into view.
The adder hisses angrily.
You hit the goblin.
You kill the goblin!
The orc hits you with a +0 flail.
* * * LOW HITPOINT WARNING * * *
The endoplasm freezes you.
You die...

.... ########
........##......#
........##......#
........##......#
................#
...$...........<#
..$.............#
......g())...####
.##)Jh....#
#oo.....#
............#
.S..#.......#
..#..#.......#
##.. #.......# #.
........# #.
.........#
.....######


You could see an adder (wandering, unable to see you), 2 orcs, an endoplasm and
a goblin (unable to see you).

Vanquished Creatures
  An orc priest (D:3)
  An orc wizard (D:3)
  An adder (D:2)
  An orc (D:3)
  3 ball pythons
  4 bats
  6 endoplasms
  A giant cockroach (D:1)
  7 goblins
  6 hobgoblins
  2 quokkas
  4 frilled lizards
  2 kobolds (D:1)
  6 rats
45 creatures vanquished.

Notes
Turn   | Place    | Note
-------+----------+-------------------------------------------
     0 | D:1      | CrazyBamboolord the Merfolk Shapeshifter began the quest
                  | for the Orb.
     0 | D:1      | Reached XP level 1. HP: 15/15 MP: 1/1
   168 | D:1      | Reached XP level 2. HP: 16/21 MP: 2/2
   479 | D:1      | Reached XP level 3. HP: 26/26 MP: 3/3
   671 | D:1      | Found a faded altar of an unknown god.
  1372 | D:2      | Found Ytzusoy's Vocational Training.
  1613 | D:3      | Reached skill level 5 in Shapeshifting
  1613 | D:3      | Reached XP level 4. HP: 24/33 MP: 4/4
  1620 | D:3      | Frozen to death by an endoplasm

Illustrated notes

Levels and vault maps discovered:
D:1:      psy_arrival_whirlpool, layout_basic,
          ebering_ecumenical_altar_petrified
D:2:      layout_basic, serial_rivers, chequers_serial_rivers_small_3,
          chequers_serial_rivers_large_b, chequers_serial_rivers_marsh,
          chequers_serial_rivers_small_3, chequers_serial_rivers_micro_a,
          chequers_serial_rivers_large_a, nicolae_shop_vocational
D:3:      layout_rooms, nicolae_hepliaklqana_hazy_memory, gammafunk_ghost_split,
          st_stairs_2

Skill      XL: |  1  2  3  4 |
---------------+-------------+-----
Dodging        | 3 |  3.2
Unarmed Combat | 4 |  4.4
Shapeshifting  | 5 |  5.1
Fighting       | 2 |  2.0

Action                     |  1- 3 |  4- 6 || total
---------------------------+-------+-------++-------
  Melee: Unarmed           |    88 |     5 ||    93
         Punch             |     4 |       ||     4
    Use: Potion            |       |     1 ||     1
   Stab: Sleeping          |     4 |       ||     4
         Invisible         |       |     1 ||     1
 Armour: Animal skin       |    12 |     1 ||    13
  Dodge: Dodged            |    44 |     4 ||    48
         Form:             |     1 |       ||     1
         Beast             |     1 |       ||     1

Table legend: (Time is in decaauts)
 A = Elapsed time spent in this place.
 B = Non-inter-level travel time spent in this place.
 C = Inter-level travel time spent in this place.
 D = Time resting spent in this place.
 E = Time spent auto-exploring this place.
 F = Levels seen in this place.
 G = Mean time per level.
                   A        B        C        D        E       F      G
               +--------+--------+--------+--------+--------+-----+--------+
         Total |   1558 |   1534 |     24 |      0 |   1250 |   3 |  519.3 |
       Dungeon |   1558 |   1534 |     24 |      0 |   1250 |   3 |  519.3 |
               +--------+--------+--------+--------+--------+-----+--------+

Top non-repeatable levels by time:
     D:2: 767 daAuts
     D:1: 766 daAuts
     D:3: 24 daAuts
